 Dungeon Crawl Stone Soup version 0.21-a0-404-g291f19a (webtiles) character file.

80 dwormar the Gusty (level 4, 0/35 HPs)
             Began as a Minotaur Air Elementalist on Oct 30, 2017.
             Slain by an orc (1 damage)
             ... on level 3 of the Dungeon.
             The game lasted 00:19:30 (1593 turns).

dwormar the Gusty (Minotaur Air Elementalist)       Turns: 1593, Time: 00:19:30

Health: 0/35       AC:  6    Str: 14    XL:     4   Next: 18%
Magic:  5/5        EV: 11    Int: 12    God:
Gold:   142        SH:  0    Dex: 10    Spells: 5/6 levels left

rFire    . . .     SeeInvis .   j - +4 mace
rCold    . . .     Gourm    .   (no shield)
rNeg     . . .     Faith    .   h - +1 ring mail
rPois    .         Spirit   .   (helmet restricted)
rElec    .         Reflect  .   (no cloak)
rCorr    .         Harm     .   (no gloves)
MR       .....                  (no boots)
Stlth    +.........             (no amulet)
HPRegen  0.11/turn              (no ring)
MPRegen  0.09/turn              (no ring)

@: no status effects
A: retaliatory headbutt, horns 2
a: no special abilities


You were on level 3 of the Dungeon.
You were not hungry.

You visited 1 branch of the dungeon, and saw 3 of its levels.

You collected 142 gold pieces.

Inventory:

Hand Weapons
 j - a +4 mace (weapon)
Missiles
 f - 46 arrows
 g - 12 bolts
 l - 5 tomahawks (quivered)
Armour
 d - a +0 leather armour
 h - a +1 ring mail (worn)
 m - a +0 ring mail
 n - a +0 leather armour
Potions
 e - a potion of degeneration {unknown}
Books
 b - a book of Air

   Spells                             Type                      Level
   a - Shock                          Conjuration/Air              1
   b - Swiftness                      Charms/Air                   2
   c - Static Discharge               Conjuration/Air              3
   d - Airstrike                      Air                          4
   e - Lightning Bolt                 Conjuration/Air              5
Comestibles
 a - 5 chunks of flesh
 c - 2 bread rations
 k - a meat ration


   Skills:
 + Level 1.0 Fighting
   Level 0.4 Short Blades
 + Level 1.6 Maces & Flails
 + Level 1.2 Armour
 + Level 2.6 Dodging
 + Level 1.7 Stealth
 + Level 1.5 Spellcasting
 + Level 0.6 Conjurations
 + Level 2.9 Air Magic


You had 5 spell levels left.
You knew the following spells:

 Your Spells              Type           Power        Failure   Level  Hunger
a - Shock                 Conj/Air       #...         28%         1    ##.....


Dungeon Overview and Level Annotations

Branches:
Dungeon (3/15)

Altars:


Innate Abilities, Weirdness & Mutations

You reflexively headbutt those who attack you in melee.
You have a pair of horns on your head.


Message History

2 orcs come into view.
There is a stone staircase leading up here.
The goblin hits you but does no damage. The goblin hits you but does no damage.
The goblin barely misses you. You furiously retaliate!
You headbutt the goblin!
You kill the goblin!
An orc comes into view.
The orc shouts!
A giant cockroach comes into view.
The orc closely misses you. You furiously retaliate!
You headbutt the orc. You barely miss the orc.
The orc is heavily wounded.
The orc hits you with a dagger.
* * * LOW HITPOINT WARNING * * *
The orc hits you but does no damage. The orc hits you with a dagger.
* * * LOW HITPOINT WARNING * * *
You closely miss the orc.
The orc is heavily wounded.
The orc hits you.
You die...

#.# #.. ###.
#.#
.....##†#######
#...........#
#.###...###.#
###o# #g# #o#
#@# #o# .s.
....g #......
..#.....
##########


You could see 3 orcs, a giant cockroach and 2 goblins.

Vanquished Creatures
  Robin (D:2)
  An ooze (D:1)
  2 dart slugs (D:1)
  2 leopard geckos (D:2)
  2 ball pythons (D:1)
  A giant cockroach (D:1)
  11 goblins
  6 hobgoblins
  8 jackals
  7 kobolds (D:1)
  2 bats (D:1)
  A frilled lizard (D:1)
  10 rats (D:1)
54 creatures vanquished.

Notes
Turn   | Place    | Note
-------+----------+-------------------------------------------
     0 | D:1      | dwormar the Minotaur Air Elementalist began the quest for the Orb.
     0 | D:1      | Reached XP level 1. HP: 14/14 MP: 1/1
   135 | D:1      | Reached XP level 2. HP: 7/20 MP: 3/3
   666 | D:1      | Reached XP level 3. HP: 22/26 MP: 4/4
  1412 | D:2      | Reached skill level 1 in Maces & Flails
  1521 | D:2      | Noticed Robin
  1530 | D:2      | Reached skill level 1 in Armour
  1540 | D:2      | Killed Robin
  1540 | D:2      | Reached XP level 4. HP: 10/34 MP: 5/5
  1542 | D:2      | Reached skill level 1 in Fighting
  1592 | D:3      | HP: 1/35 [orc/dagger (3)]
  1593 | D:3      | Slain by an orc

Vault maps used:
D:1:      dpeg_arrival_lava_temple_mockup, st_stairs_1, minmay_vboxes
D:2:      nicolae_overflow_quartered_altars, uniq_robin, uniq_jessica,
          uniq_crazy_yiuf_cottage

Skill      XL: |  1  2  3  4 |
---------------+-------------+-----
Maces & Flails | 1 |  1.6
Armour         | 1 |  1.2
Fighting       | 1 |  1.0
Short Blades   | |  0.4
Dodging        | |  2.6
Stealth        | |  1.7
Spellcasting   | |  1.5
Conjurations   | |  0.6
Air Magic      | |  2.9

Action                   |  1- 3 |  4- 6 || total
-------------------------+-------+-------++-------
Melee: Unarmed           |    11 |       ||    11
       Headbutt          |    18 |       ||    18
       Short sword       |    13 |       ||    13
       Mace              |    69 |     7 ||    76
  Use: Scroll            |       |     1 ||     1
  Eat: Chunk             |     2 |       ||     2
Armor: Leather armour    |    27 |       ||    27
       Ring mail         |    13 |     8 ||    21
Dodge: Dodged            |    85 |    21 ||   106

Table legend:
 A = Spawn XP
 B = Non-spawn XP
 C = Spawn XP percentage of total XP
 D = Spawn monster count
 E = Non-spawn monster count
 F = Spawn count percentage of total count
 G = Total turns spent on level
                    A         B        C        D         E        F      G
               +---------+---------+-------+---------+---------+-------+---------
         Total |       0 |     115 |   0.0 |       0 |      54 |   0.0 |  1593
               +---------+---------+-------+---------+---------+-------+---------
           D:1 |       0 |      73 |   0.0 |       0 |      40 |   0.0 |  1399
           D:2 |       0 |      41 |   0.0 |       0 |      13 |   0.0 |   169
           D:3 |       0 |       1 |   0.0 |       0 |       1 |   0.0 |    25
               +---------+---------+-------+---------+---------+-------+---------
